 Dungeon Sprint DCSS version 0.22-a0-836-gec0ffd4 (webtiles) character file.

459 BaronVonScrub the Carver (level 6, 0/100 HPs)
             Began as a Deep Dwarf Berserker on July 25, 2018.
             Was a Believer of Trog.
             Slain by a centaur warrior (1 damage)
             ... in the Dungeon (Sprint I: "Red Sonja").
             The game lasted 00:02:19 (240 turns).

BaronVonScrub the Carver (Deep Dwarf Berserker)      Turns: 240, Time: 00:02:21

Health: 0/100      AC:  7    Str: 28    XL:     6   Next: 78%
Magic:  5/5        EV: 13    Int:  7    God:    Trog [**....]
Gold:   174        SH:  0    Dex: 12    Spells: 5/5 levels left

rFire    . . .     SeeInvis .   a - +0 falchion
rCold    . . .     Gourm    .   (no shield)
rNeg     . . .     Faith    .   k - +0 scale mail
rPois    .         Spirit   .   (no helmet)
rElec    .         Reflect  .   l - scarf {repulsion}
rCorr    .         Harm     .   (no gloves)
MR       ++...     NoTele   +   (no boots)
Stlth    ..........             (no amulet)
HPRegen  1.00/turn              (no ring)
MPRegen  0.09/turn              (no ring)

@: berserking, non-regenerating, repel missiles, very quick
A: damage resistance, heal wounds, sense surroundings 1, no regeneration
a: Heal Wounds, Berserk, Trog's Hand, Renounce Religion


You were in the Dungeon.
You worshipped Trog.
Trog was pleased with you.
You were not hungry.

You visited 1 branch You collected 314 gold pieces.
You spent 140 gold pieces at shops.

Inventory:

Hand Weapons
 a - a +0 falchion (weapon)
Armour
 b - a +0 animal skin
 k - a +0 scale mail (worn)
 l - a scarf of repulsion (worn)
Wands
 j - a wand of digging (15)
Scrolls
 i - a scroll of blinking
Potions
 d - a potion of curing
 e - a potion of heal wounds
 f - a potion of haste
 g - 2 potions of magic
 h - a potion of berserk rage
Comestibles
 c - 2 rations


   Skills:
 + Level 8.1 Fighting
 + Level 10.5 Long Blades
 + Level 5.2 Armour
 + Level 5.5 Dodging


You had 5 spell levels left.
You didn't know any spells.
Your spell library was empty.

Dungeon Overview and Level Annotations

Branches:
Dungeon (1/1)

Altars:
Cheibriados
Dithmenos
Elyvilon
Fedhas
Gozag
Hepliaklqana
Kikubaaqudgha
Nemelex Xobeh
Okawaru
Qazlal
Ru
Sif Muna
Trog
Uskayaw
Vehumet
Wu Jian
Yredelemnul
Zin
The Shining One

Shops:
D %


Innate Abilities, Weirdness & Mutations

You are resistant to damage.
You can heal yourself by infusing magical energy.
You passively map a small area around you.
You do not regenerate.


Message History

Your skin crawls.
You feel resistant to hostile enchantments.
You feel somewhat more hungry.
The centaur warrior shoots an arrow.
The arrow hits you!
The centaur warrior shoots an arrow.
The arrow hits you!!
* * * LOW HITPOINT WARNING * * *
You hear a splash.
A red film seems to cover your vision as you go berserk!
You feel yourself moving faster!
You feel mighty!
You feel a lot more hungry.
The centaur warrior shoots an arrow.
The arrow hits you!!
* * * LOW HITPOINT WARNING * * *
The centaur warrior shoots an arrow.
The arrow is repelled.
You hear a splash.
Unknown command.
You feel a strong urge to attack something.
The centaur warrior unwields an uncursed longbow.
The centaur warrior hits you.
* * * LOW HITPOINT WARNING * * *
The centaur warrior unwields an uncursed longbow.
The centaur warrior hits you.
You die...

############# * * *
#..)..#..'..# _*
').#..').#..+ ,,*,,
#####'#####'# #### ,
####..#...#.####§§#
*
#__####..##.#(§§§c#,
*
#_____##'#_.'§§§@§+
* ,
#_.∩...'..._#§≈≈§c#,
#_..__##_.#+##+####
* #_____###+# * * +
#######* , * ** * ,
, * , * ** , * * ,


You could see 2 centaur warriors.

Vanquished Creatures
  Sigmund (D)
  A yak (D)
  An ogre (D)
  A jelly (D)
  Ijyb (D)
5 creatures vanquished.

Notes
Turn   | Place    | Note
-------+----------+-------------------------------------------
     0 | D        | BaronVonScrub the Deep Dwarf Berserker began the quest for the Orb.
     0 | D        | Reached XP level 1. HP: 20/20 MP: 1/1
     1 | D        | Noticed Ijyb
    15 | D        | Killed Ijyb
    15 | D        | Reached skill level 4 in Long Blades
    15 | D        | Reached XP level 2. HP: 4/30 MP: 2/2
    56 | D        | Noticed an ogre
    61 | D        | Killed an ogre
    61 | D        | Reached skill level 5 in Fighting
    61 | D        | Reached skill level 6 in Long Blades
    61 | D        | Reached XP level 3. HP: 32/39 MP: 2/2
    61 | D        | Reached XP level 4. HP: 39/46 MP: 3/3
   110 | D        | Noticed Sigmund
   117 | D        | Killed Sigmund
   117 | D        | Reached ** piety under Trog
   117 | D        | Reached skill level 9 in Long Blades
   117 | D        | Reached skill level 5 in Dodging
   117 | D        | Reached XP level 5. HP: 57/57 MP: 4/4
   117 | D        | Reached XP level 6. HP: 66/66 MP: 5/5
   166 | D        | Found a deep blue altar of Sif Muna.
   167 | D        | Found an ornate altar of the Wu Jian Council.
   168 | D        | Found a radiant altar of Vehumet.
   181 | D        | Found Ithiw's Food Emporium.
   181 | D        | Found an ancient bone altar of Kikubaaqudgha.
   181 | D        | Found a hazy altar of Hepliaklqana.
   181 | D        | Found a stormy altar of Qazlal.
   181 | D        | Found a hide-covered altar of Uskayaw.
   181 | D        | Found a blossoming altar of Fedhas.
   181 | D        | Found a bloodstained altar of Trog.
   181 | D        | Found an iron altar of Okawaru.
   181 | D        | Found a basalt altar of Yredelemnul.
   181 | D        | Found a glowing golden altar of the Shining One.
   181 | D        | Found a snail-covered altar of Cheibriados.
   181 | D        | Found a sacrificial altar of Ru.
   181 | D        | Found a glowing silver altar of Zin.
   181 | D        | Found a shadowy altar of Dithmenos.
   181 | D        | Found a white marble altar of Elyvilon.
   181 | D        | Noticed a yak
   191 | D        | Killed a yak
   191 | D        | Reached skill level 10 in Long Blades
   191 | D        | Reached skill level 5 in Armour
   192 | D        | Found an opulent altar of Gozag.
   193 | D        | Found a sparkling altar of Nemelex Xobeh.
   197 | D        | Bought a ration for 70 gold pieces
   197 | D        | Bought a ration for 70 gold pieces
   234 | D        | Noticed a centaur warrior
   235 | D        | Noticed a centaur warrior
   239 | D        | HP: 4/100 [centaur warrior/arrow (19)]
   240 | D        | HP: 1/100 [centaur warrior (4)]
   240 | D        | Slain by a centaur warrior

Vault maps used:
D:        dungeon_sprint_1

Skill      XL: |  1  2  3  4  5  6 |
---------------+-------------------+-----
Fighting       | 4 5 7 8 |  8.1
Long Blades    | 4 6 9 10 | 10.5
Dodging        | 3 4 5 |  5.5
Armour         | 3 4 5 |  5.2

Action                   |  1- 3 |  4- 6 || total
-------------------------+-------+-------++-------
Melee: Falchion          |    16 |    16 ||    32
Invok: Berserk           |     2 |     2 ||     4
       Trog's Hand       |       |     1 ||     1
 Abil: Heal Wounds       |     1 |     2 ||     3
  Eat: Ration            |       |     1 ||     1
Armor: Animal skin       |     1 |       ||     1
       Scale mail        |       |     1 ||     1
Dodge: Dodged            |     7 |     8 ||    15
       Deflected         |       |     2 ||     2
       Rpst.: Falchion   |     4 |     3 ||     7

Table legend:
 A = Spawn XP
 B = Non-spawn XP
 C = Spawn XP percentage of total XP
 D = Spawn monster count
 E = Non-spawn monster count
 F = Spawn count percentage of total count
 G = Total turns spent on level
                    A         B        C        D         E        F      G
               +---------+---------+-------+---------+---------+-------+---------
         Total |       0 |     656 |   0.0 |       0 |       5 |   0.0 |   240
               +---------+---------+-------+---------+---------+-------+---------
             D |       0 |     656 |   0.0 |       0 |       5 |   0.0 |   240
               +---------+---------+-------+---------+---------+-------+---------
